[Event "Team 45 45 League T51"]
[Site "Internet Chess Club"]
[Date "2011.12.10"]
[Round "5"]
[White "alexping"]
[Black "CaoCao"]
[Result "1-0"]
[WhiteElo "1930"]
[BlackElo "1881"]
[Opening "Benoni defense"]
[ECO "A61"]
[Time "10:15:04"]
[TimeControl "2700+45"]

1. d4 Nf6 2. c4 c5 3. d5 e6 4. Nc3 exd5 5. cxd5 d6 6. Bg5 h6 7. Bh4 g5 8. Bg3
Nh5 9. e3 Nxg3 10. hxg3 Bg7 11. Qa4+ Bd7 12. Qe4+ Qe7 13. O-O-O Qxe4 14. Nxe4
Ke7 15. Ne2 f5 16. Nd2 b5 17. Nc3 a6 18. Bd3 b4 19. Ncb1 Rf8 20. Rde1 Bb5 21.
Nc4 Bxc4 22. Bxc4 Nd7 23. f4 gxf4 24. exf4+ Kd8 25. Re6 Rf6 26. Rhe1 Rxe6 27.
Rxe6 Bf8 28. Nd2 Nb6 29. Rf6 Bg7 30. Rxd6+ Kc7 31. Rc6+ Kb7 32. Re6 Rd8 33. Re7+
Rd7 34. Rxd7+ Nxd7 35. Bd3 Nf6 36. Bxf5 Kc7 37. Be6 Nh5 38. Ne4 Bf8 39. b3 Be7
40. Kc2 Nf6 {Black resigns} 1-0

[Event "Team 45 45 League T51"]
[Site "Internet Chess Club"]
[Date "2011.12.09"]
[Round "5"]
[White "RamRock"]
[Black "viking99"]
[Result "0-1"]
[WhiteElo "1766"]
[BlackElo "1820"]
[Opening "French: exchange variation"]
[ECO "C01"]
[Time "19:31:06"]
[TimeControl "2700+45"]

1. e4 e6 2. d4 d5 3. exd5 exd5 4. Nf3 Nc6 5. h3 Nf6 6. Bd3 Be7 7. O-O Nb4 8. Be2
O-O 9. c3 Nc6 10. Bf4 Bf5 11. Nbd2 Re8 12. Re1 h6 13. Nf1 Ne4 14. Ng3 Bh7 15.
Bd3 g5 16. Be3 Bd6 17. Nh5 Bg6 18. Nh2 f5 19. f4 Rf8 20. c4 Qe8 21. c5 Be7 22.
Bxe4 fxe4 23. g4 Bxh5 24. gxh5 gxf4 25. Qg4+ Kh7 26. Qg6+ Qxg6+ 27. hxg6+ Kxg6
28. Bd2 Nxd4 29. Kh1 Kf5 30. Rac1 c6 31. b4 h5 32. Bc3 Bf6 33. a4 a6 34. b5 axb5
35. axb5 Nxb5 36. Bxf6 Rxf6 37. Nf1 Ra2 38. h4 Rg6 39. Ne3+ fxe3 40. Rf1+ Ke5
41. Rf5+ Kxf5 42. Rf1+ Ke6 43. Rf5 Rf6 {White resigns} 0-1

[Event "Team 45 45 League T51"]
[Site "Internet Chess Club"]
[Date "2011.12.11"]
[Round "5"]
[White "misuc56"]
[Black "hewdondada"]
[Result "1-0"]
[WhiteElo "1888"]
[BlackElo "1716"]
[Opening "QGD Slav defense"]
[ECO "D10"]
[Time "17:33:20"]
[TimeControl "2700+45"]

1. d4 d5 2. c4 c6 3. e3 Nf6 4. h3 g6 5. Nf3 Bg7 6. Nc3 O-O 7. Bd2 e6 8. c5 Nbd7
9. Be2 Re8 10. O-O e5 11. b4 exd4 12. exd4 Ne4 13. Nxe4 dxe4 14. Nh2 Bxd4 15.
Rb1 Bg7 16. Be3 Ne5 17. Qc2 Be6 18. a4 Qh4 19. Qc1 Qe7 20. b5 Nd3 21. Qc2 Rad8
22. Rfd1 Bf8 23. Bxd3 exd3 24. Qd2 Rd5 25. bxc6 bxc6 26. Nf1 Bg7 27. Rb4 Qf6 28.
Rc1 Qd8 29. Rb7 Rd7 30. Rcb1 Qe7 31. Rb8 Rxb8 32. Rxb8+ Rd8 33. Rxd8+ Qxd8 34.
Ng3 f5 35. Nf1 Bb3 36. g3 Bxa4 37. Qa2+ {Black resigns} 1-0

[Event "Team 45 45 League T51"]
[Site "Internet Chess Club"]
[Date "2011.12.09"]
[Round "5"]
[White "noblitz-oblige"]
[Black "MontanaSky"]
[Result "0-1"]
[WhiteElo "1573"]
[BlackElo "1726"]
[Opening "French: Winawer, advance variation"]
[ECO "C17"]
[Time "22:01:00"]
[TimeControl "2700+45"]

1. e4 e6 2. d4 d5 3. Nc3 Bb4 4. e5 c5 5. dxc5 Bxc3+ 6. bxc3 Ne7 7. Nf3 Qc7 8.
Be3 Nbc6 9. Bb5 Bd7 10. Rb1 O-O 11. O-O Ng6 12. Bxc6 Bxc6 13. Bd4 Qa5 14. Ra1 b6
15. cxb6 axb6 16. Qd2 Rfb8 17. Rfb1 Bb5 18. Ne1 Bc4 19. a3 Ne7 20. Nd3 b5 21.
Nb4 Qc7 22. f4 Ra4 23. g4 Rba8 24. Re1 Rxa3 25. Rxa3 Rxa3 26. Re3 Ra1+ 27. Kg2
Ng6 28. Rg3 Rf1 29. Nd3 Bxd3 30. cxd3 Rxf4 31. h4 Nxh4+ {White resigns} 0-1

[Event "Team 45 45 League T51"]
[Site "Internet Chess Club"]
[Date "2011.12.11"]
[Round "5"]
[White "JustinSane"]
[Black "Cadaz"]
[Result "0-1"]
[WhiteElo "2084"]
[BlackElo "1694"]
[Opening "Queen's pawn: London system"]
[ECO "A45"]
[Time "07:56:59"]
[TimeControl "2700+45"]

1. d4 Nf6 2. Bf4 d6 3. e3 g6 4. Be2 Bg7 5. Nf3 O-O 6. h3 c5 7. c3 Nc6 8. O-O Bf5
9. Nbd2 cxd4 10. exd4 Rb8 11. a4 Be6 12. Re1 Qc7 13. Bh2 Bh6 14. c4 Nb4 15. a5
b5 16. b3 bxc4 17. bxc4 Rfc8 18. Bf1 Kf8 19. g4 Bg7 20. Rxe6 fxe6 21. Ng5 Qd7
22. Qe2 Nc2 23. Nxe6+ Kf7 24. Rc1 Qxe6 25. Qxe6+ Kxe6 26. Rxc2 Nd7 27. Nf3 h6
28. c5 Rb1 29. Re2+ Kf7 30. cxd6 exd6 31. Bxd6 Bf6 32. Kg2 Rc6 33. Bf4 g5 34.
Be3 Ra1 35. Rb2 Rc7 36. a6 Nb6 37. Rb5 Ke6 38. Nd2 Ra4 39. Nb3 Kd6 40. Nc5 Ra2
41. Ne4+ Ke6 42. Nxf6 Kxf6 43. d5 Ke5 44. Bxb6 axb6 45. Rxb6 Kxd5 46. Rf6 Rc6
47. Rf5+ Kd4 48. Kg3 Rc3+ 49. f3 Rc1 50. h4 gxh4+ 51. Kxh4 Rxf1 52. Rf6 Rfa1
{White resigns} 0-1

[Event "Team 45 45 League T51"]
[Site "Internet Chess Club"]
[Date "2011.12.10"]
[Round "5"]
[White "DaveF"]
[Black "fileman"]
[Result "0-1"]
[WhiteElo "1474"]
[BlackElo "1834"]
[Opening "KP: Nimzovich defense"]
[ECO "A40"]
[Time "09:13:02"]
[TimeControl "2700+45"]

1. d4 Nc6 2. e4 e5 3. dxe5 Nxe5 4. Nc3 Bc5 5. f4 Nc6 6. Nf3 d6 7. Bc4 h6 8. a3
a6 9. Nd5 Nge7 10. Qe2 O-O 11. Be3 Nxd5 12. Bxd5 Bxe3 13. Qxe3 Ne7 14. O-O-O
Nxd5 15. exd5 Bg4 16. h3 Re8 17. Qf2 Bf5 18. g4 Be4 19. Rhg1 Bxf3 20. Qxf3 Qf6
21. g5 hxg5 22. Rxg5 Re7 23. Rdg1 g6 24. f5 Re1+ 25. Rxe1 Qxg5+ 26. Kd1 Qxf5 27.
Qxf5 gxf5 28. Rf1 Kg7 29. Rxf5 Rh8 30. Rf3 Rh5 31. c4 b5 32. b3 bxc4 33. bxc4
Rh4 34. Rc3 f5 35. Kc2 Kf6 36. Kb3 Ke5 37. Kb4 f4 38. Ka5 Kd4 39. Rc1 Rxh3 40.
Kxa6 Rxa3+ 41. Kb7 Rc3 42. Rf1 Rxc4 43. Rxf4+ Kxd5 44. Rf8 Kd4 45. Ka6 d5 46.
Kb5 Rc1 47. Kb4 Rb1+ 48. Ka3 c5 49. Ka2 Rb7 50. Rf3 c4 51. Rh3 c3 52. Rg3 Kc4
53. Rg6 d4 {White resigns} 0-1

[Event "Team 45 45 League T51"]
[Site "Internet Chess Club"]
[Date "2011.12.11"]
[Round "5"]
[White "JWB"]
[Black "mrneale"]
[Result "1/2-1/2"]
[WhiteElo "1638"]
[BlackElo "1447"]
[Opening "King's Indian: fianchetto, Yugoslav system"]
[ECO "A63"]
[Time "10:00:11"]
[TimeControl "2700+45"]

1. d4 Nf6 2. Nf3 g6 3. c4 d6 4. Nc3 Bg7 5. g3 O-O 6. Bg2 c5 7. d5 e6 8. O-O exd5
9. cxd5 a6 10. a4 b6 11. Nd2 Bb7 12. Nc4 b5 13. axb5 axb5 14. Rxa8 Bxa8 15. Nxb5
Ne8 16. Bf4 Na6 17. Nbxd6 Nxd6 18. Bxd6 Re8 19. b3 Bf8 20. Bxf8 Rxf8 21. e4 Nc7
22. Qd2 Nb5 23. Qa5 Qxa5 24. Nxa5 Nd4 25. Rd1 Rb8 26. d6 Ne6 27. e5 Bxg2 28.
Kxg2 Kf8 29. Nc6 Rc8 30. Ne7 Rb8 31. Nc6 Rc8 32. Na5 Nd8 33. Rc1 Ne6 34. b4 Ke8
35. bxc5 Rxc5 36. Rxc5 Nxc5 37. f4 Kd7 38. Kf3 Ke6 39. Nc4 f6 40. exf6 Kxf6 41.
Ne5 Ke6 42. d7 Nxd7 43. Nxd7 Kxd7 44. Kg4 Ke6 45. Kg5 Kf7 46. Kh6 Kg8 47. g4 Kh8
48. h4 Kg8 49. f5 gxf5 50. gxf5 Kh8 51. f6 Kg8 52. f7+ Kxf7 53. Kxh7 Kf8 54. h5
Kf7 55. Kh8 Kf8 56. h6 Kf7 57. Kh7 Kf8 58. Kg6 Kg8 59. h7+ Kh8 {Game drawn by
mutual agreement} 1/2-1/2

[Event "Team 45 45 League T51"]
[Site "Internet Chess Club"]
[Date "2011.12.10"]
[Round "5"]
[White "lechuguita"]
[Black "fireball"]
[Result "1-0"]
[WhiteElo "1574"]
[BlackElo "1730"]
[Opening "French: Rubinstein variation"]
[ECO "C10"]
[Time "14:02:19"]
[TimeControl "2700+45"]

1. e4 e6 2. d4 d5 3. Nc3 dxe4 4. Nxe4 Be7 5. Nf3 Nd7 6. Bd3 Ngf6 7. O-O O-O 8.
Nxf6+ Nxf6 9. c3 b6 10. Ne5 Bb7 11. Re1 c5 12. Be3 Qc7 13. Bf4 Rad8 14. Ng6 Bd6
15. Bxd6 Qxd6 16. Nxf8 Kxf8 17. Bc2 cxd4 18. Qxd4 Qxd4 19. cxd4 Rxd4 20. Rad1
Rxd1 21. Rxd1 Ke7 22. g3 g5 23. h3 h5 24. a3 Bf3 25. Rd3 g4 26. h4 a5 27. Kf1
Be4 28. Rd2 Bxc2 29. Rxc2 Kd7 30. Ke2 Nd5 31. Kd3 f5 32. Kd4 f4 33. Ke5 fxg3 34.
fxg3 Ne3 35. Rc3 Nd5 36. Rd3 Ke7 37. Rxd5 exd5 38. Kxd5 Kf6 39. Ke4 b5 40. Kf4
b4 41. axb4 axb4 42. b3 Ke6 43. Kg5 Kd5 44. Kxh5 Kd4 45. Kxg4 Kc3 46. h5 Kxb3
47. h6 Kc2 48. h7 b3 49. h8=Q b2 50. Qxb2+ Kxb2 51. Kf5 {Black resigns} 1-0

[Event "Team 45 45 League T51"]
[Site "Internet Chess Club"]
[Date "2011.12.10"]
[Round "5"]
[White "Boromir"]
[Black "TerryMalloy"]
[Result "1-0"]
[WhiteElo "1925"]
[BlackElo "1943"]
[Opening "Sicilian: Canal-Sokolsky attack, Sokolsky variation"]
[ECO "B52"]
[Time "08:02:15"]
[TimeControl "2700+45"]

1. e4 c5 2. Nf3 d6 3. Bb5+ Bd7 4. Bxd7+ Qxd7 5. c4 Nf6 6. Nc3 g6 7. d4 cxd4 8.
Nxd4 Bg7 9. f3 O-O 10. Be3 Nc6 11. O-O a6 12. Rc1 Rac8 13. b3 Nxd4 14. Bxd4 e6
15. Qd3 Rfd8 16. Rfd1 Qe7 17. Be3 Nh5 18. Ne2 Rd7 19. Rc2 Rcd8 20. Bb6 Rc8 21.
Rcd2 Bh6 22. Be3 Bg7 23. a4 Rb8 24. Nc3 Rbd8 25. Bb6 Rc8 26. Ne2 Bh6 27. Be3 Bg7
28. Qb1 Rcd8 29. Bb6 Rc8 30. Rd3 Rc6 31. Be3 Rc8 32. Qc1 Nf6 33. Qd2 Ne8 34. Nc3
Rc6 35. Na2 Qd8 36. g3 Qf6 37. f4 Qb2 38. Qxb2 Bxb2 39. e5 Ba3 40. b4 Bxb4 41.
Nxb4 Rxc4 42. Rd4 Rxd4 43. Rxd4 d5 44. Rd2 Rc7 45. Rc2 Kf8 46. Bb6 Rxc2 47. Nxc2
Ke7 48. Kf2 Kd7 49. Nd4 Nc7 50. Bxc7 Kxc7 51. Ke3 Kb6 52. Nb3 Kc6 53. Kd3 Kc7
54. Kc3 Kc6 55. Kb4 b6 56. Nd4+ Kd7 57. Nf3 h6 58. g4 Kc6 59. Nd4+ Kc7 60. h4
Kd7 61. h5 gxh5 62. gxh5 Kc7 63. f5 Kd7 64. fxe6+ fxe6 65. a5 bxa5+ 66. Kxa5 Ke7
67. Kxa6 Kd7 68. Kb7 Ke7 69. Kc7 Kf7 70. Kd7 {Black resigns} 1-0

[Event "Team 45 45 League T51"]
[Site "Internet Chess Club"]
[Date "2011.12.12"]
[Round "5"]
[White "Topschach"]
[Black "BuddyT"]
[Result "1-0"]
[WhiteElo "1832"]
[BlackElo "1805"]
[Opening "French: advance, Nimzovich system"]
[ECO "C02"]
[Time "12:00:59"]
[TimeControl "2700+45"]

1. e4 e6 2. d4 d5 3. e5 c5 4. Nf3 Nc6 5. Bd3 cxd4 6. O-O Bd7 7. Bf4 Qb6 8. Nbd2
a5 9. a3 Rc8 10. Qe2 Nge7 11. Rab1 Ng6 12. Bg3 Be7 13. h4 h5 14. Bxg6 fxg6 15.
Qd3 Kf7 16. Bf4 Rc7 17. Bg5 Rhc8 18. Bxe7 Nxe7 19. Ng5+ Kg8 20. Ndf3 Nf5 21.
Rfc1 Bb5 22. Qd2 d3 23. cxd3 Rxc1+ 24. Rxc1 Rxc1+ 25. Qxc1 Kf8 26. Nxe6+ Qxe6
27. Qc5+ Kf7 28. Ng5+ {Black resigns} 1-0

[Event "Team 45 45 League T51"]
[Site "Internet Chess Club"]
[Date "2011.12.11"]
[Round "5"]
[White "bondguy01"]
[Black "jps7"]
[Result "0-1"]
[WhiteElo "1683"]
[BlackElo "1780"]
[Opening "French: Two knights variation"]
[ECO "C00"]
[Time "11:01:20"]
[TimeControl "2700+45"]

1. e4 e6 2. Nf3 d5 3. Nc3 dxe4 4. Nxe4 Nf6 5. Nxf6+ Qxf6 6. d4 h6 7. Bd3 Bd6 8.
O-O O-O 9. c3 Nd7 10. Re1 e5 11. Qc2 exd4 12. cxd4 Nb6 13. Bd2 Be6 14. a3 Bd5
15. Ne5 Rfe8 16. Re3 c6 17. Rae1 Kf8 18. Ba5 Bxe5 19. dxe5 Qh4 20. Bb4+ Kg8 21.
Rg3 Nc4 22. Bg6 Nxe5 23. Rxe5 Rxe5 {White resigns} 0-1

[Event "Team 45 45 League T51"]
[Site "Internet Chess Club"]
[Date "2011.12.11"]
[Round "5"]
[White "eurander"]
[Black "RedAttack"]
[Result "1/2-1/2"]
[WhiteElo "2170"]
[BlackElo "1930"]
[Opening "Philidor's defense"]
[ECO "C41"]
[Time "11:00:26"]
[TimeControl "2700+45"]

1. e4 e5 2. Nf3 d6 3. c3 Nc6 4. Bb5 Nf6 5. Qe2 Bd7 6. O-O Be7 7. Rd1 a6 8. Ba4
O-O 9. Bc2 Bg4 10. h3 Bh5 11. d3 Nd7 12. Nbd2 Nb6 13. Nf1 Bh4 14. Ne3 Be7 15.
Nf5 Qd7 16. Be3 Bf6 17. g4 Bg6 18. Kh2 d5 19. Rg1 Bxf5 20. gxf5 Qe7 21. Rg2 d4
22. Bd2 Kh8 23. Rag1 g6 24. Bh6 Bg7 25. Bxg7+ Kxg7 26. Ng5 Rad8 27. Qg4 Rd6 28.
Rg3 Nd7 29. Bb3 Nc5 30. Bd5 dxc3 31. bxc3 a5 32. h4 Na4 33. c4 Nd8 34. Qd1 Nc3
35. Qd2 Nxd5 36. cxd5 c6 37. dxc6 Nxc6 38. h5 Rg8 39. Rh3 gxf5 40. exf5 Kh8 41.
Ne4 Rxg1 42. Kxg1 Rd8 43. f6 Rg8+ 44. Rg3 Qd8 45. Qh6 Rxg3+ 46. fxg3 Qg8 47. Kh2
Nd4 48. Nd6 b6 49. Kh3 Ne6 50. Qe3 Qf8 51. Qxb6 h6 52. Qa6 Ng5+ 53. Kg2 Qd8 54.
Qc8 Qxc8 55. Nxc8 e4 56. d4 Nh7 57. Nd6 Nxf6 58. Nxf7+ Kg7 59. Nd6 Kf8 60. Nc4
Ke7 61. a4 Ke6 62. Nxa5 Kd5 63. Nb3 Kc4 64. a5 Kb5 65. Kf2 Nxh5 66. d5 Nf6 67.
d6 Nd7 68. Ke3 Kc6 69. Kxe4 Kxd6 70. Kf5 Ne5 71. a6 Nc4 72. a7 Nb6 73. Nd2 Kc6
74. Nc4 Na8 75. Kg6 Kb7 76. Kxh6 Nc7 77. Kg6 Kxa7 78. Kf6 Kb7 79. g4 Kc8 80. g5
Nd5+ 81. Ke5 Ne7 82. Ke6 Kd8 83. Nd6 Ng6 84. Kf6 Nf4 85. Kf5 Ng2 86. Ke5 Nh4 87.
Kf6 Ng2 88. Nf5 Ke8 89. Ng7+ {Game drawn by mutual agreement} 1/2-1/2

[Event "Team 45 45 League T51"]
[Site "Internet Chess Club"]
[Date "2011.12.10"]
[Round "5"]
[White "RdgMx"]
[Black "VietLion"]
[Result "0-1"]
[WhiteElo "1856"]
[BlackElo "1958"]
[Opening "Benoni: 6.e4"]
[ECO "A65"]
[Time "16:02:52"]
[TimeControl "2700+45"]

1. d4 c5 2. d5 Nf6 3. c4 e6 4. Nc3 exd5 5. cxd5 d6 6. e4 g6 7. Bg5 Bg7 8. Bb5+
Bd7 9. Nge2 Qa5 10. Qa4 Qxa4 11. Bxa4 Bxa4 12. Bxf6 Bxf6 13. Nxa4 Nd7 14. Nac3
a6 15. a4 O-O 16. O-O Ne5 17. Rad1 Rab8 18. f4 Nc4 19. Rc1 Nxb2 20. Rb1 Nc4 21.
e5 dxe5 22. fxe5 Bxe5 23. Rfd1 Rfe8 24. Kf2 b6 25. g3 f5 26. d6 Nxd6 27. Nd5
Ne4+ 28. Kg2 b5 29. a5 b4 30. Nb6 Nc3 31. Nxc3 Bxc3 32. Rd7 Rbd8 33. Rbd1 Rxd7
34. Nxd7 Re2+ 35. Kf3 Ra2 36. Nxc5 Rxa5 37. Rd8+ Kf7 38. Nd3 b3 {White resigns}
0-1

[Event "Team 45 45 League T51"]
[Site "Internet Chess Club"]
[Date "2011.12.11"]
[Round "5"]
[White "subterfuge"]
[Black "primerpaso"]
[Result "0-1"]
[WhiteElo "1708"]
[BlackElo "1873"]
[Opening "Nimzo-Indian: classical, 4...c5"]
[ECO "E38"]
[Time "19:00:31"]
[TimeControl "2700+45"]

1. d4 Nf6 2. c4 e6 3. Nc3 Bb4 4. Qc2 c5 5. e3 O-O 6. a3 Bxc3+ 7. Qxc3 b6 8. Bd3
Bb7 9. f3 Nc6 10. Ne2 Rc8 11. dxc5 bxc5 12. O-O Qe7 13. b3 d5 14. Bb2 Rfd8 15.
Rad1 h6 16. Bb1 Rd7 17. cxd5 Rxd5 18. Nf4 Rdd8 19. Qc2 e5 20. Nd5 Qe6 21. Nxf6+
Qxf6 22. Qxc5 Ba6 23. Rxd8+ Qxd8 24. Rc1 Qd2 25. Qc3 Qd8 26. Qc2 Qb6 27. Qh7+
Kf8 28. Rc3 Rd8 29. Kf2 Rd2+ 30. Kg3 Rxb2 31. Be4 Ne7 32. Qh8+ Ng8 33. Rc6 Qxe3
34. Rc2 Qf4+ 35. Kh3 Rxc2 36. Bxc2 Bc8+ 37. g4 Qxf3+ 38. Kh4 Qxg4# {White
checkmated} 0-1

[Event "Team 45 45 League T51"]
[Site "Internet Chess Club"]
[Date "2011.12.12"]
[Round "5"]
[White "CaoCao"]
[Black "RD1974"]
[Result "1-0"]
[WhiteElo "1888"]
[BlackElo "1641"]
[Opening "Scandinavian (center counter) defense"]
[ECO "B01"]
[Time "18:05:02"]
[TimeControl "2700+45"]

1. e4 d5 2. Nc3 d4 3. Nce2 c5 4. Ng3 Nc6 5. Bc4 Nf6 6. d3 e5 7. Nf3 Be7 8. O-O
a6 9. a4 h6 10. Bd2 b6 11. h3 O-O 12. Nh2 Rb8 13. Nh5 b5 14. axb5 axb5 15. Bb3
c4 16. Nxf6+ Bxf6 17. dxc4 bxc4 18. Bxc4 Rxb2 19. Qc1 Rb8 20. Bxh6 gxh6 21. Qxh6
Bg7 22. Qxc6 Rb6 23. Qd5 Rd6 24. Qa5 Qg5 25. Ra3 Kh8 26. Rg3 Qf4 27. Bd3 Rh6 28.
Qe1 Be6 29. Qc1 Qh4 30. Nf3 Qf4 31. Qxf4 exf4 32. Rxg7 Kxg7 33. Nxd4 Rg6 34. Kh2
Rg8 35. Rg1 Kh8 36. Ne2 f3 37. gxf3 Rh6 38. Rxg8+ Kxg8 39. Nf4 Bd7 40. Kg3 Kg7
41. h4 Rh8 42. Nd5 Rb8 43. Kf4 f6 44. h5 Rh8 45. h6+ Rxh6 46. Ke3 Rh1 47. Kd4
Rh2 48. Ke3 Kf7 49. f4 Rh3+ 50. Kd4 Rf3 51. Nb6 Bc6 52. Bc4+ Ke7 53. Bd5 Bxd5
54. Nxd5+ Kf7 55. c4 Rxf2 56. c5 Rf1 57. c6 Ke6 58. c7 Rc1 59. f5+ Kd6 60. Nxf6
Rd1+ 61. Ke3 Kxc7 62. e5 Re1+ 63. Kf4 Kd8 64. Ne4 Rf1+ 65. Kg5 Ke7 66. Nf6 Rg1+
67. Ng4 Kf7 68. Kf4 Rf1+ 69. Ke4 Ke7 70. Ne3 Rf2 71. Nd5+ Kf7 72. e6+ Ke8 73. f6
Kf8 74. Ke5 Rd2 75. Nf4 Rd1 76. Ng6+ Kg8 77. f7+ Kh7 78. f8=Q Re1+ 79. Kd6 Rd1+
80. Ke7 Kxg6 81. Qf6+ Kh7 82. Qh4+ {Black resigns} 1-0

[Event "Team 45 45 League T51"]
[Site "Internet Chess Club"]
[Date "2011.12.11"]
[Round "5"]
[White "tsia68"]
[Black "Beetlejuice"]
[Result "0-1"]
[WhiteElo "1796"]
[BlackElo "1821"]
[Opening "Sicilian: closed"]
[ECO "B23"]
[Time "11:01:28"]
[TimeControl "2700+45"]

1. e4 c5 2. Nc3 a6 3. g3 b5 4. Bg2 Bb7 5. d3 e6 6. f4 d5 7. e5 h5 8. Nf3 Nh6 9.
Qe2 Nf5 10. Ng5 Nc6 11. Qf2 Rc8 12. Nd1 c4 13. dxc4 bxc4 14. c3 Qa5 15. Ne3 Bc5
16. Qe2 Nfd4 17. Qd1 Nb3 18. Qe2 Nxa1 19. Nxd5 Nd4 20. Qxc4 Bb6 21. Qd3 Bxd5 22.
Bxd5 Qxd5 23. O-O Ne2# {White checkmated} 0-1

[Event "Team 45 45 League T51"]
[Site "Internet Chess Club"]
[Date "2011.12.12"]
[Round "5"]
[White "bgolev"]
[Black "CapitanTrueno"]
[Result "0-1"]
[WhiteElo "1825"]
[BlackElo "1797"]
[Opening "Ruy Lopez: Wormald (Alapin) attack"]
[ECO "C77"]
[Time "18:01:30"]
[TimeControl "2700+45"]

1. e4 e5 2. Nf3 Nc6 3. Bb5 a6 4. Ba4 Nf6 5. Qe2 d6 6. c3 Bd7 7. O-O Be7 8. Rd1
O-O 9. Bc2 Bg4 10. d4 Qc8 11. d5 Nb8 12. Nbd2 Nbd7 13. Nf1 a5 14. b4 b6 15. Be3
Qa6 16. Bd3 Qb7 17. Bb5 Qa7 18. Ng3 Nb8 19. a3 g6 20. h3 Bd7 21. Bxd7 Nbxd7 22.
a4 Qa6 23. b5 Qc8 24. Bh6 Re8 25. Ng5 Bf8 26. Bxf8 Rxf8 27. Nf3 Nc5 28. Ne1 Nfd7
29. Qe3 Qd8 30. Nd3 Qh4 31. Re1 f5 32. exf5 gxf5 33. Ne2 f4 34. Qd2 Nb3 35. Qc2
Nxa1 36. Rxa1 f3 37. Ng3 fxg2 38. Kxg2 e4 39. Ne1 Rf4 40. Rd1 Raf8 41. Rd2 Ne5
42. Re2 Nf3 43. Nxe4 Ng5 44. Nxg5 Qxg5+ 45. Kh2 Qxd5 46. Ng2 Rf3 47. c4 Qh5 48.
Re3 Qxh3+ 49. Kg1 Qf5 50. Qc3 Rxe3 51. Qxe3 Qe5 52. Qd2 Rf7 53. Ne3 Rg7+ 54. Kf1
h5 55. Nd5 Qg5 56. Qd3 h4 57. Qh3 Qc1+ {White resigns} 0-1

[Event "Team 45 45 League T51"]
[Site "Internet Chess Club"]
[Date "2011.12.12"]
[Round "5"]
[White "carokantor"]
[Black "Greedy-Reedy"]
[Result "1-0"]
[WhiteElo "2066"]
[BlackElo "2044"]
[Opening "Queen's pawn game"]
[ECO "E60"]
[Time "14:03:27"]
[TimeControl "2700+45"]

1. d4 Nf6 2. e3 g6 3. c4 Bg7 4. Nc3 O-O 5. Nf3 d6 6. Be2 Bg4 7. O-O Nbd7 8. h3
Bxf3 9. Bxf3 c6 10. e4 e5 11. d5 c5 12. Bg5 h6 13. Be3 a6 14. Qd2 Kh7 15. a3 Ng8
16. b4 b6 17. Qc2 f5 18. exf5 gxf5 19. Be2 Kh8 20. Rab1 Rb8 21. Rfe1 Qh4 22. Bf1
e4 23. Ne2 Be5 24. g3 Qe7 25. Nf4 Bxf4 26. Bxf4 Ne5 27. Be2 Ng6 28. Bd2 Kh7 29.
Rb3 Nf6 30. Qc1 Ng8 31. Qb1 f4 32. Bh5 Nf6 33. Bxg6+ Kxg6 34. bxc5 dxc5 35. Bxf4
Rb7 36. Rxb6 Ra7 37. Rxe4 Qd7 38. Ree6+ Kg7 39. Bxh6+ Kxh6 40. Rxf6+ Rxf6 41.
Rxf6+ Kg7 42. Qg6+ Kh8 43. Rf8# {Black checkmated} 1-0

[Event "Team 45 45 League T51"]
[Site "Internet Chess Club"]
[Date "2011.12.10"]
[Round "5"]
[White "DARKwizard1"]
[Black "HumanTornado"]
[Result "1-0"]
[WhiteElo "2146"]
[BlackElo "1972"]
[Opening "Sicilian: Grand Prix attack"]
[ECO "B23"]
[Time "10:15:56"]
[TimeControl "2700+45"]

1. e4 c5 2. Nc3 Nc6 3. f4 g6 4. Nf3 Bg7 5. Bb5 Nd4 6. O-O Nxb5 7. Nxb5 a6 8. Nc3
b5 9. e5 Bb7 10. d4 cxd4 11. Qxd4 d6 12. Be3 dxe5 13. fxe5 Nh6 14. Rae1 Nf5 15.
Qxd8+ Rxd8 16. Bb6 Rc8 17. Re2 e6 18. g4 Ne7 19. Ne1 O-O 20. Nd3 Nc6 21. Nc5 Na5
22. b3 Rc6 23. Nd7 Rfc8 24. Bxa5 Rxc3 25. Bxc3 Rxc3 26. Nf6+ Kh8 27. Rd2 h6 28.
Rd8+ {Black resigns} 1-0

[Event "Team 45 45 League T51"]
[Site "Internet Chess Club"]
[Date "2011.12.10"]
[Round "5"]
[White "CamLeslie"]
[Black "achessman"]
[Result "0-1"]
[WhiteElo "1811"]
[BlackElo "1985"]
[Opening "QGD semi-Slav"]
[ECO "D43"]
[Time "08:43:11"]
[TimeControl "2700+45"]

1. d4 d5 2. c4 c6 3. Nc3 Nf6 4. Nf3 e6 5. cxd5 exd5 6. Bf4 Bd6 7. Bxd6 Qxd6 8.
Qc2 O-O 9. e3 Bg4 10. Bd3 Nbd7 11. O-O Rfe8 12. Nd2 Bh5 13. Rab1 Re7 14. b4 Bg6
15. b5 c5 16. Bxg6 hxg6 17. dxc5 Nxc5 18. Rbc1 Rc7 19. Ne2 Rac8 20. Qb1 Ng4 21.
Nf3 Ne4 22. Rxc7 Rxc7 23. Qb2 Ng5 24. Ned4 Rc4 25. g3 Ne4 26. Kg2 Kf8 27. Nd2
Nxd2 28. Qxd2 Qc5 29. Rd1 Nf6 30. Qe2 Rc1 31. Nb3 Rc2 32. Qf3 Qc3 33. Qf4 Qc7
34. Qb4+ Kg8 35. Nd4 Rxa2 36. Qb1 Ra4 37. Rc1 Rc4 38. Rd1 Ne4 39. Qa2 Nc3 {White
resigns} 0-1

[Event "Team 45 45 League T51"]
[Site "Internet Chess Club"]
[Date "2011.12.18"]
[Round "5"]
[White "BigH"]
[Black "BuddyT"]
[Result "1-0"]
[WhiteElo "2255"]
[BlackElo "1822"]
[Opening "English: Neo-Catalan"]
[ECO "A13"]
[Time "11:20:55"]
[TimeControl "2700+45"]

1. c4 e6 2. g3 d5 3. Nf3 Nf6 4. d4 Bb4+ 5. Bd2 Be7 6. Bg2 O-O 7. O-O Nbd7 8. Qc2
c6 9. Rd1 b6 10. Bf4 Bb7 11. Nbd2 Rc8 12. e4 dxe4 13. Nxe4 Nxe4 14. Qxe4 Nf6 15.
Qe2 Bd6 16. Ne5 Qe7 17. Nd3 Rfe8 18. Rac1 Bc7 19. c5 Nd5 20. Be5 f6 21. Bxc7
Rxc7 22. Qd2 Qf7 23. Re1 Rce7 24. cxb6 axb6 25. Nb4 Rc7 26. Nxd5 exd5 27. Rxe8+
Qxe8 28. Bxd5+ Kf8 29. Bg2 Re7 30. Qb4 c5 31. dxc5 Bxg2 32. Kxg2 Qc6+ 33. Kg1
bxc5 34. Qxc5 {Black resigns} 1-0

[Event "Team 45 45 League T51"]
[Site "Internet Chess Club"]
[Date "2011.12.13"]
[Round "5"]
[White "zeigmata"]
[Black "easycure"]
[Result "1/2-1/2"]
[WhiteElo "2265"]
[BlackElo "2369"]
[Opening "Grünfeld: exchange, Simagin's improved variation"]
[ECO "D86"]
[Time "13:05:50"]
[TimeControl "2700+45"]

1. d4 Nf6 2. c4 g6 3. Nc3 d5 4. cxd5 Nxd5 5. e4 Nxc3 6. bxc3 Bg7 7. Bc4 O-O 8.
Ne2 Nc6 9. O-O e5 10. d5 Na5 11. Bd3 c5 12. c4 b6 13. Rb1 Nb7 14. Nc3 {Game
drawn by mutual agreement} 1/2-1/2

[Event "Team 45 45 League T51"]
[Site "Internet Chess Club"]
[Date "2011.12.11"]
[Round "5"]
[White "jorobo"]
[Black "NFork"]
[Result "1-0"]
[WhiteElo "1992"]
[BlackElo "2211"]
[Opening "Old Indian defense"]
[ECO "A42"]
[Time "14:33:54"]
[TimeControl "2700+45"]

1. c4 d6 2. d4 e5 3. dxe5 dxe5 4. Qxd8+ Kxd8 5. Nc3 Nc6 6. Bg5+ f6 7. O-O-O+ Bd7
8. Be3 Nge7 9. g3 Kc8 10. Bc5 Ng6 11. Bxf8 Nxf8 12. e3 Ne7 13. Bg2 Ne6 14. Nge2
Ng5 15. h4 Nf7 16. Bxb7+ {Black resigns} 1-0

[Event "Team 45 45 League T51"]
[Site "Internet Chess Club"]
[Date "2011.12.12"]
[Round "5"]
[White "pentti63"]
[Black "chsrules88"]
[Result "1-0"]
[WhiteElo "2199"]
[BlackElo "1957"]
[Opening "QGD: Chigorin defense"]
[ECO "D07"]
[Time "14:09:17"]
[TimeControl "2700+45"]

1. d4 d5 2. c4 Nc6 3. Nc3 e6 4. Nf3 Nf6 5. Bg5 Be7 6. e3 O-O 7. Rc1 h6 8. Bh4 b6
9. Bd3 dxc4 10. Bxc4 Bb7 11. O-O Nb4 12. Qe2 c5 13. Rfd1 cxd4 14. Nxd4 Nfd5 15.
Nxd5 Bxd5 16. Bxd5 exd5 17. Bxe7 Qxe7 18. a3 {Black resigns} 1-0

[Event "Team 45 45 League T51"]
[Site "Internet Chess Club"]
[Date "2011.12.08"]
[Round "5"]
[White "CamLeslie"]
[Black "filiusdextris"]
[Result "0-1"]
[WhiteElo "1820"]
[BlackElo "2076"]
[Opening "Modern defense"]
[ECO "A40"]
[Time "19:03:30"]
[TimeControl "2700+45"]

1. d4 g6 2. c4 Bg7 3. Nc3 d6 4. Nf3 Nc6 5. g3 e5 6. Bg2 Nxd4 7. Nxd4 exd4 8. Nb5
c5 9. Qa4 Kf8 10. Bf4 Be5 11. Bd2 a6 12. O-O-O Rb8 13. Na3 b5 14. cxb5 axb5 15.
Qa7 Qb6 16. Qxb6 Rxb6 17. f4 Bf6 18. Ba5 Ra6 19. Bc7 Bd7 20. Bb7 Ra7 21. Bxd6+
Be7 22. Bxe7+ Nxe7 23. Be4 Kg7 24. Kb1 Nf5 25. Nc2 Be6 26. a3 Re8 27. e3 dxe3
28. Rhe1 Bd7 29. Rd5 Bc6 {White resigns} 0-1